 Dungeon Crawl Stone Soup version 0.30.1-4-g462c640d31 (webtiles) character file.

Game seed: 6838625689400223880

32 anacleto the Firebug (level 3, -3/19 HPs)
             Began as a Deep Elf Fire Elementalist on Aug 19, 2023.
             Slain by Sigmund
             ... wielding a +0 scythe
              (6 damage)
             ... on level 2 of the Dungeon.
             The game lasted 00:05:12 (1395 turns).

anacleto the Firebug (Deep Elf Fire Elementalist)   Turns: 1395, Time: 00:05:13

Health: -3/19      AC:  2    Str:  5    XL:     3   Next: 10%
Magic:  8/10       EV: 12    Int: 21    God:
Gold:   89         SH:  0    Dex: 15    Spells: 3/9 levels left

rFire   . . .        (no weapon)
rCold   . . .        (no shield)
rNeg    . . .        a - +0 robe
rPois   .            (no helmet)
rElec   .            (no cloak)
rCorr   .            (no gloves)
SInv    .            (no boots)
Will    .....        (no amulet)
Stlth   ++           (no ring)
HPRegen 0.23/turn    (no ring)
MPRegen 0.12/turn

%: no passive effects
@: hasted (expiring), very quick
A: no striking features
a: no special abilities


You were on level 2 of the Dungeon.
You visited 1 branch of the dungeon, and saw 2 of its levels.

You collected 89 gold pieces.

Inventory:

Missiles
 c - 32 stones
 j - a silver javelin (quivered)
Armour
 a - a +0 robe (worn)
 m - a +2 cloak
Scrolls
 d - 2 scrolls of noise {unknown}
 e - 2 scrolls of poison {unknown}
 f - a scroll of brand weapon {unknown}
 g - a scroll of enchant armour {unknown}
 h - a scroll of identify {unknown}


   Skills:
 - Level 2.5 Dodging
 - Level 2.5 Stealth
 + Level 3.6 Spellcasting
 + Level 2.0 Conjurations
 + Level 3.7 Fire Magic


You had 3 spell levels left.
You knew the following spells:

 Your Spells              Type           Power      Damage    Failure   Level
a - Foxfire               Conj/Fire      64%        2x1d7     3%          1
b - Scorch                Fire           38%        2d7       4%          2
c - Inner Flame           Hex/Fire       11%        N/A       17%         3

Your spell library contained the following spells:

 Spells                   Type           Power      Damage    Failure   Level
 Volatile Blastmotes      Fire/Tloc      22%        2d11      17%         3
 Flame Wave               Conj/Fire      16%        2d7       36%         4
 Yara's Violent Unravell  Hex/Tmut       1%         3d3       98%         5
 Enfeeble                 Hex            1%         N/A       100%        7


Dungeon Overview and Level Annotations

Branches:
Dungeon (2/15)

Altars:
Fedhas

Annotations:
D:2 Sigmund


Message History

Non-targeted confused throw: 3 javelins (silver)
Press: ? - help, Q - select action, (/) - cycle Dir - look around, f - activate You throw a silver javelin.
A magic dart appears from out of thin air!
The magic dart hits you but does no damage.
Non-targeted confused throw: 2 javelins (silver)
Press: ? - help, Q - select action, (/) - cycle Dir - look around, f - activate You throw a silver javelin.
Your transformation is almost over.
Something hits you but does no damage.
You recover from your berserk rage.
Something hits you but does no damage.
Okay, then.
Magic courses through your body.
You are too confused!
You hear some strange, mumbled words.
A puff of flame appears from out of thin air!
The puff of flame hits you but does no damage.
You feel less confused.
You hear some strange, mumbled words.
A puff of flame appears from out of thin air!
The puff of flame hits you but does no damage.
Casting: Foxfire (safe; 3% risk of failure)
Confirm with . or Enter, or press ? or * to list all spells.
You conjure some foxfire!
A magic dart appears from out of thin air!
The magic dart hits you.
* * * LOW HITPOINT WARNING * * *
Your extra speed is starting to run out.
A magic dart appears from out of thin air!
The magic dart hits you.
* * * LOW HITPOINT WARNING * * *
Something hits you but does no damage.
Casting: Foxfire (safe; 3% risk of failure)
Confirm with . or Enter, or press ? or * to list all spells.
You conjure some foxfire!
You feel less wooden.
Your +0 robe unmelds from your body.
The foxfire hits something. x2
Something hits you.
You die...

## ..# #.# ###
#.##########
.?.#
#..§........
#.#.# #.##.#
..... #.v@§#
..#.##(v#..#
..#.#..#.{...
##.##...##....#
#..#.#..##(...#
#.##...##..##
#.##...##..#
#.......####
#####.#....##


There were no monsters in sight!

Vanquished Creatures
  An adder (D:2)
  3 bats
  3 endoplasms
  A goblin (D:1)
  A hobgoblin (D:2)
  3 kobolds (D:2)
  6 ball pythons
  5 rats (D:1)
23 creatures vanquished.

Vanquished Creatures (others)
  50 foxfires
50 creatures vanquished.

Grand Total: 73 creatures vanquished

Notes
Turn   | Place    | Note
-------+----------+-------------------------------------------
     0 | D:1      | anacleto the Deep Elf Fire Elementalist began the quest for
                  | the Orb.
     0 | D:1      | Reached XP level 1. HP: 10/10 MP: 6/6
    85 | D:1      | Found a faded altar of an unknown god.
   331 | D:1      | Reached XP level 2. HP: 15/15 MP: 4/8
   335 | D:1      | Learned a level 2 spell: Scorch
   968 | D:2      | Found a blossoming altar of Fedhas.
  1232 | D:2      | Reached XP level 3. HP: 19/19 MP: 8/10
  1236 | D:2      | Learned a level 3 spell: Inner Flame
  1342 | D:2      | Noticed Sigmund
  1395 | D:2      | Slain by Sigmund

Illustrated notes

Levels and vault maps discovered:
D:1:      amcnicky_arrival_flooded_fountain, layout_basic, serial_forest,
          infiniplex_forest_zigzag_1, infiniplex_forest_clump_curved,
          infiniplex_forest_clump_double, infiniplex_forest_lined_2,
          infiniplex_forest_corner_1, ebering_ecumenical_altar_ruins,
          corexii_hall_statues_deadend
D:2:      layout_loops_ring, basic_altar, chequers_avenue, minmay_misc_feat_x,
          uniq_sigmund

Skill      XL: |  1  2 |
---------------+-------+-----
Conjurations   | 2 |  2.0
Dodging        | |  2.5
Stealth        | |  2.5
Spellcasting   | |  3.6
Fire Magic     | |  3.7

Action                     || total
---------------------------++-------
  Melee: Unarmed           ||     5
  Throw: Javelin           ||     2
   Cast: Foxfire           ||    33
         Scorch            ||     7
    Use: Potion            ||     4
 Armour: Robe              ||     6
         Skin              ||    25
  Dodge: Dodged            ||    18
